 Dungeon Crawl Stone Soup version 0.27-a0-1528-g90fbb72469 (webtiles) character file.

Game seed: 11005040941138370338

3075 Feb132020 the Gusty (level 9, 0/75 HPs)
             Began as a White Draconian Air Elementalist on July 11, 2021.
             Was an Initiate of Gozag.
             Slain by a basilisk (5 damage)
             ... while petrified by a basilisk
             ... on level 8 of the Dungeon.
             The game lasted 00:32:34 (10171 turns).

Feb132020 the Gusty (DrAE)                         Turns: 10171, Time: 00:32:34

Health: 0/75       AC: 13    Str: 11    XL:     9   Next: 58%
Magic:  13/18      EV:  2    Int: 18    God:    Gozag
Gold:   508        SH:  0    Dex: 12    Spells: 14/21 levels left

rFire    . . .     SeeInvis .   d - +2 dagger (venom)
rCold    + . .     Faith    .   (no shield)
rNeg     + + +     Spirit   .   (armour unavailable)
rPois    ∞         Reflect  +   C - +1 hat
rElec    .         Harm     .   (no cloak)
rCorr    .         Rampage  .   y - +0 pair of gloves
Will     .....                  (no boots)
Stlth    ++........             I - amulet of reflection
HPRegen  0.22/turn              h - ring of flight
MPRegen  0.16/turn              G - +4 ring of protection

@: petrified, flying
A: breathe frost, AC +7, unfitting armour, cold resistance 1, cold-blooded
a: Breathe Frost, Renounce Religion, Potion Petition, Call Merchant, Bribe
Branch


You were on level 8 of the Dungeon.
You worshipped Gozag.
Gozag was pleased with you.
You visited 2 branches of the dungeon, and saw 10 of its levels.

You collected 581 gold pieces.
You paid 73 gold pieces to Gozag.

Inventory:

Hand Weapons
 d - a +2 dagger of venom (weapon)
Armour
 r - a +0 buckler
 y - a +0 pair of gloves (worn)
 C - a +1 hat (worn)
Magical Staves
 i - a staff of cold
Jewellery
 h - a ring of flight (left hand)
 w - a ring of positive energy
 G - a +4 ring of protection (right hand)
 I - an amulet of reflection (around neck)
Wands
 o - a wand of polymorph (12)
 p - a wand of flame (22)
Scrolls
 a - 2 scrolls of immolation
 f - 3 scrolls of blinking
 F - a scroll of teleportation
 H - a scroll of identify
Potions
 b - a potion of heal wounds {unknown}
 c - a potion of degeneration {unknown}
 g - 2 potions of haste {unknown}
 j - 2 potions of curing {unknown}
 l - 2 potions of lignification
 m - 3 potions of resistance
 n - 2 potions of mutation {unknown}
 q - a potion of brilliance {unknown}
 u - 2 potions of might {unknown}
 z - a potion of flight {unknown}
 D - a potion of invisibility {unknown}


   Skills:
 * Level 5.7 Fighting
 - Level 2.0 Short Blades
 + Level 3.9 Dodging
 + Level 3.5 Stealth
 + Level 0.2 Shields
 + Level 6.6 Spellcasting
 + Level 5.5 Conjurations
 + Level 7.1 Air Magic


You had 14 spell levels left.
You knew the following spells:

 Your Spells              Type           Power      Damage    Failure   Level
a - Shock                 Conj/Air       100%       1d9       1%          1
b - Static Discharge      Conj/Air       28%        N/A       1%          2
c - Airstrike             Air            15%        N/A       6%          4

Your spell library contained the following spells:

 Spells                   Type           Power      Damage    Failure   Level
 Swiftness                Air            31%        N/A       1%          3
 Foxfire                  Conj/Fire      60%        2x1d7     3%          1
 Corpse Rot               Necr/Air       N/A        N/A       4%          2
 Conjure Flame            Conj/Fire      15%        6-21      11%         3
 Dazzling Flash           Conj/Hex       30%        N/A       11%         3
 Blink                    Tloc           N/A        N/A       17%         2
 Gell's Gravitas          Tloc           2%         N/A       34%         3
 Inner Flame              Hex/Fire       5%         N/A       34%         3
 Lesser Beckoning         Tloc           2%         N/A       34%         3
 Teleport Other           Tloc           5%         N/A       34%         3
 Silence                  Hex/Air        9%         N/A       58%         5
 Dispel Undead            Necr           5%         3d7       75%         4
 Agony                    Necr           5%         N/A       97%         5
 Manifold Assault         Tloc           5%         N/A       97%         5
 Death Channel            Necr           2%         N/A       100%        6
 Storm Form               Tmut/Air       9%         N/A       100%        7


Dungeon Overview and Level Annotations

Branches:
Dungeon (9/15)             Temple (1/1) D:6            Lair (0/6) D:9
    Orc (0/2) D:9

Altars:
Ashenzari
Cheibriados
Dithmenos
Elyvilon
Fedhas
Gozag
Hepliaklqana
Kikubaaqudgha
Makhleb
Nemelex Xobeh
Okawaru
Qazlal
Ru
Sif Muna
Trog
Uskayaw
Vehumet
Wu Jian
Xom
Yredelemnul
Zin
The Shining One

Shops:
D:3 (   D:8 [

Annotations:
D:3 Sigmund
D:5 3 runed translucent doors, Tutankhamun's ghost, novice FoHu


Innate Abilities, Weirdness & Mutations

You can breathe waves of freezing cold which knock back foes.
Your icy white scales are hard. (AC +7)
You cannot fit into any form of body armour.
Your flesh is cold resistant. (rC+)
You are cold-blooded and may be slowed by cold attacks.


Message History

The basilisk is heavily wounded.
You are struck by an arc of lightning.
* * * LOW HITPOINT WARNING * * *
The basilisk is struck by an arc of lightning.
The basilisk is heavily wounded.
The lightning grounds out.
The basilisk bites you. The basilisk barely misses you.
The basilisk gazes at you. You resist with significant effort.
The basilisk bites you but does no damage.
Your limbs are stiffening.
Casting: Static Discharge (safe; 1% risk of failure)
Confirm with . or Enter, or press ? or * to list all spells.
The basilisk is struck by an arc of lightning!
The basilisk is heavily wounded.
You are struck by an arc of lightning.
* * * LOW HITPOINT WARNING * * *
The lightning grounds out.
The basilisk bites you but does no damage.
The basilisk bites you!
* * * LOW HITPOINT WARNING * * *
You have turned to stone.
The basilisk bites you but does no damage.
The basilisk completely misses you.
You have got your breath back.
You feel your willpower return. The basilisk gazes at you.
The basilisk bites you.
* * * LOW HITPOINT WARNING * * *
The basilisk gazes at you. You resist with some effort. The basilisk bites you!
* * * LOW HITPOINT WARNING * * *
The basilisk bites you!
* * * LOW HITPOINT WARNING * * *
The basilisk bites you but does no damage.
The basilisk bites you!
* * * LOW HITPOINT WARNING * * *
The basilisk bites you!
You die...
Your body crumbles into a pile of gold.

#.##########..#
#.#........#...
#.#.######.#.##
##.#.#..([#.#.##
#..#.#.#..#.#.##
#..#.#.####.#.##
#..#.#......#.##
######..#.########.##
#...@l..#..........#
#..l....##########.##
#....................
#........####..#.....
#[..............###..
#..[.....######.###..
########.........#...
#######>......
##..#...


You could see 2 basilisks.

Vanquished Creatures
  A hornet (D:8)
  A vampire (D:8)
  A steam dragon (D:8)
  2 water moccasins
  An orc warrior (D:8)
  2 sky beasts
  A black bear (D:7)
  A necrophage (D:6)
  4 ogres
  A centaur (D:6)
  A phantom (D:4)
  A bullfrog (D:7)
  Blork the orc (D:4)
  5 scorpions
  A wyvern skeleton (D:7)
  3 water moccasin skeletons
  3 howler monkeys (D:7)
  A bullfrog zombie (D:5)
  A centaur zombie (D:8)
  2 bullfrog skeletons
  3 orc priests (D:5)
  2 hounds (D:6)
  2 iguanas
  2 orc wizards (D:8)
  2 hound skeletons
  A mummy (D:3)
  4 gnolls
  A howler monkey skeleton (D:7)
  2 howler monkey zombies
  11 adders
  A shadow imp (D:6)
  3 white imps
  An ufetubus (D:5)
  An adder skeleton (D:4)
  3 worms
  5 dart slugs
  7 orcs
  3 bats
  5 endoplasms
  4 giant cockroaches
  7 goblins
  6 hobgoblins
  9 jackals
  9 quokkas
  5 ball pythons
  A frilled lizard (D:1)
  A jackal skeleton (D:4)
  8 kobolds
  5 rats
148 creatures vanquished.

Vanquished Creatures (others)
  A jackal (D:4)
  A fungus (D:9)
  7 plants (D:9)
9 creatures vanquished.

Grand Total: 157 creatures vanquished

Notes
Turn   | Place    | Note
-------+----------+-------------------------------------------
     0 | D:1      | Feb132020 the Draconian Air Elementalist began the quest
                  | for the Orb.
     0 | D:1      | Reached XP level 1. HP: 14/14 MP: 3/3
   351 | D:1      | Reached XP level 2. HP: 20/20 MP: 3/5
   500 | D:1      | Learned a level 2 spell: Static Discharge
   829 | D:1      | Reached XP level 3. HP: 26/26 MP: 6/6
  1720 | D:2      | Found a faded altar of an unknown god.
  1804 | D:2      | Reached XP level 4. HP: 33/33 MP: 5/7
  2383 | D:3      | Reached skill level 4 in Air Magic
  2516 | D:3      | Found a snail-covered altar of Cheibriados.
  3029 | D:3      | Noticed Sigmund
  3212 | D:3      | Reached skill level 1 in Short Blades
  3233 | D:2      | Reached XP level 5. HP: 20/38 MP: 3/9
  3728 | D:3      | Found Nocyduv's Weapon Emporium.
  4157 | D:4      | Noticed Blork the orc
  4185 | D:3      | Reached XP level 6. HP: 39/46 MP: 10/10
  4240 | D:4      | Reached skill level 1 in Fighting
  4439 | D:4      | Killed Blork the orc
  4892 | D:4      | Your scales start taking on an icy white colour.
  4892 | D:4      | Reached XP level 7. HP: 53/53 MP: 9/12
  4892 | D:4      | Gained mutation: Your flesh is cold resistant. (rC+) [White
                  | Draconian growth]
  5283 | D:5      | Entered Level 5 of the Dungeon
  5424 | D:5      | Found a runed translucent gate.
  5424 | D:5      | Found a runed translucent gate.
  5425 | D:5      | Found a runed translucent gate.
  5437 | D:5      | Reached skill level 5 in Air Magic
  5911 | D:5      | Reached XP level 8. HP: 54/63 MP: 14/14
  6233 | D:5      | Found a glowing silver altar of Zin.
  6563 | D:5      | Noticed Tutankhamun's ghost (novice FoHu)
  6950 | D:6      | Reached skill level 5 in Spellcasting
  7093 | D:6      | Reached skill level 6 in Air Magic
  7248 | D:6      | Found a staircase to the Ecumenical Temple.
  7312 | Temple   | Entered the Ecumenical Temple
  7371 | Temple   | Became a worshipper of Gozag Ym Sagoz the Greedy
  8142 | D:7      | Reached XP level 9. HP: 72/72 MP: 12/17
  8217 | D:7      | Found a shimmering altar of Xom.
  8245 | D:7      | Found an ancient bone altar of Kikubaaqudgha.
  8303 | D:7      | Found an ornate altar of the Wu Jian Council.
  8514 | D:7      | Reached skill level 5 in Conjurations
  8923 | D:7      | Learned a level 4 spell: Airstrike
  8928 | D:8      | Reached skill level 5 in Fighting
  9034 | D:8      | Found Voun Rom's Armour Boutique.
  9592 | D:8      | Reached skill level 7 in Air Magic
  9819 | D:8      | Found a stormy altar of Qazlal.
  9819 | D:8      | Found a glowing golden altar of the Shining One.
  9819 | D:8      | Found an iron altar of Okawaru.
 10123 | D:9      | Identified a scroll of acquirement
 10123 | D:9      | Acquired 421 gold pieces
 10171 | D:8      | Slain by a basilisk

Illustrated notes

Levels and vault maps discovered:
D:1:      roderic_chinese_lattice_arrival, layout_loops_ring, minmay_vboxes
D:2:      layout_loops_corners, serial_rivers, chequers_serial_rivers_micro_d,
          chequers_serial_rivers_micro_d, chequers_serial_rivers_small_3,
          chequers_serial_rivers_micro_e, ebering_ecumenical_altar_box
D:3:      layout_loops_ring, slow_altar_1, serial_shops,
          nicolae_shop_statue_plus, minmay_misc_feat_room,
          minmay_misc_feat_more_columns, item_on_display_a, uniq_sigmund
D:4:      layout_loops_cross, minivault_23, uniq_blork_the_orc
D:5:      layout_loops_ring, mainiacjoe_overflow_alcove_4,
          gammafunk_ghost_nasty_kobolds, grunt_decor_clamped
D:6:      layout_gridville, temple_fountains
D:7:      layout_basic, kennysheep_little_box, mainiacjoe_overflow_boulevard,
          mainiacjoe_overflow_paths
D:8:      layout_rooms, gammafunk_temple_overflow_claw, serial_shops,
          nicolae_shop_stone, minivault_5, hangedman_abyss_or_decor_stabs
D:9:      layout_cave_pools, minmay_lair_entry_grove, david_orc_3,
          serial_gnoll_camp, gnoll_camp_medium_02, gnoll_camp_mini_hut,
          gnoll_camp_mini_hut, grums_kennel, gnoll_camp_mini_shop,
          enter_bailey_3
Temple:   nicolae_temple_great_sept

Skill      XL: |  1  2  3  4  5  6  7  8  9 |
---------------+----------------------------+-----
Dodging        | 2 3 |  3.9
Stealth        | 2 3 |  3.5
Air Magic      | 4 5 6 7 |  7.1
Short Blades   | 1 2 |  2.0
Conjurations   | 2 3 4 5 |  5.5
Spellcasting   | 3 4 5 6 |  6.6
Fighting       | 1 3 4 5 |  5.7
Shields        | |  0.2

Action                   |  1- 3 |  4- 6 |  7- 9 || total
-------------------------+-------+-------+-------++-------
Melee: Dagger            |    53 |    86 |   115 ||   254
       Tailslap          |     8 |    11 |    11 ||    30
 Cast: Shock             |    45 |   106 |   154 ||   305
       Static Discharge  |       |       |    18 ||    18
       Airstrike         |       |       |     3 ||     3
 Abil: Breathe Frost     |       |       |     7 ||     7
  Use: Scroll            |     1 |     5 |    11 ||    17
 Stab: Sleeping          |     2 |     3 |     2 ||     7
Armor: Skin              |    11 |    16 |    65 ||    92
Dodge: Dodged            |    34 |    60 |    94 ||   188
Block: Other             |       |       |    10 ||    10

Table legend: (Time is in decaauts)
 A = Elapsed time spent in this place.
 B = Non-inter-level travel time spent in this place.
 C = Inter-level travel time spent in this place.
 D = Time resting spent in this place.
 E = Time spent auto-exploring this place.
 F = Levels seen in this place.
 G = Mean time per level.
                   A        B        C        D        E       F      G
               +--------+--------+--------+--------+--------+-----+--------+
         Total |  10168 |   9742 |    426 |     98 |   8321 |  10 | 1016.8 |
       Dungeon |  10056 |   9644 |    412 |     98 |   8225 |   9 | 1117.3 |
        Temple |    111 |     98 |     13 |      0 |     96 |   1 |  111.0 |
               +--------+--------+--------+--------+--------+-----+--------+

Top non-repeatable levels by time:
     D:5: 1535 daAuts
     D:2: 1419 daAuts
     D:3: 1393 daAuts
     D:4: 1300 daAuts
     D:1: 1201 daAuts
     D:7: 1184 daAuts
     D:6: 1018 daAuts
     D:8: 971 daAuts
  Temple: 111 daAuts
     D:9: 32 daAuts
